 Seeded DCSS version 0.28.0-45-g0d030f2227 (webtiles) character file.

Game seed: 9376642942419055868 (custom seed)

287 thiscave3701365 the Chopper (level 6, -3/79 HPs)
             Began as a Hill Orc Berserker on Apr 13, 2022.
             Was a Believer of Trog.
             Slain by a killer bee (4 damage)
             ... on level 4 of the Dungeon.
             The game lasted 00:02:45 (2917 turns).

thiscave3701365 the Chopper (Hill Orc Berserker)    Turns: 2917, Time: 00:02:45

Health: -3/79      AC: 14    Str: 28    XL:     6   Next: 30%
Magic:  15/15      EV:  8    Int:  7    God:    Trog [**....]
Gold:   159        SH:  0    Dex: 10    Spells: 5/5 levels left

rFire   . . .      SeeInvis .   f - +3 hand axe
rCold   . . .      Faith    .   (no shield)
rNeg    . . .      Spirit   .   b - +0 plate armour
rPois   .          Reflect  .   m - +0 helmet
rElec   .          Harm     .   a - +0 cloak
rCorr   .          Rampage  .   (no gloves)
Will    .....                   c - +0 pair of boots
Stlth   ..........              (no amulet)
HPRegen 0.23/turn               k - +6 ring of strength
MPRegen 0.14/turn               g - ring of magical power

@: berserking, lethally poisoned (-3 -> -23), very quick
A: no striking features
a: Renounce Religion, Berserk, Trog's Hand


You were on level 4 of the Dungeon.
You worshipped Trog.
Trog was pleased with you.
You visited 1 branch of the dungeon, and saw 4 of its levels.

You collected 159 gold pieces.

Inventory:

Hand Weapons
 f - a +3 hand axe (weapon)
Armour
 a - a +0 cloak (worn)
 b - a +0 plate armour (worn)
 c - a +0 pair of boots (worn)
 m - a +0 helmet (worn)
Jewellery
 g - a ring of magical power (right hand)
 k - a +6 ring of strength (left hand)
Scrolls
 e - a scroll of torment {unknown}
 h - 2 scrolls of identify {unknown}
 i - a scroll of teleportation {unknown}
 p - a scroll of fear {unknown}
Potions
 d - 3 potions of lignification {unknown}
 j - 2 potions of invisibility {unknown}
 l - 2 potions of heal wounds {unknown}
 n - 2 potions of might {unknown}
 o - a potion of haste {unknown}
 q - a potion of resistance {unknown}


   Skills:
 + Level 4.5 Fighting
 + Level 7.5 Axes
 + Level 2.8 Armour
 + Level 2.3 Dodging
 + Level 0.7 Stealth


You had 5 spell levels left.
You didn't know any spells.
Your spell library was empty.

Dungeon Overview and Level Annotations

Branches:
Dungeon (4/15)
 Temple: D:4-7

Altars:


Message History

The killer bee stings you but does no damage.
The killer bee closely misses you.
The killer bee stings you but does no damage.
You are too injured to fight recklessly!
A red film seems to cover your vision as you go berserk!
You feel yourself moving faster!
You feel mighty!
* * * LOW HITPOINT WARNING * * *
You feel very sick. The killer bee closely misses you.
The killer bee stings you but does no damage.
The killer bee stings you.
* * * LOW HITPOINT WARNING * * *
You are more poisoned.
The killer bee poisons you!
The killer bee stings you but does no damage. x3
The killer bee barely misses you. x2
The killer bee stings you but does no damage.
The killer bee barely misses you.
You slash the killer bee!
You feel the power of Trog in you as your rage grows.
You kill the killer bee!
Trog accepts your kill.
You miss the killer bee. You slash the killer bee!
You completely miss the killer bee. You closely miss the killer bee.
* * * LOW HITPOINT WARNING * * *
You feel very sick.
The killer bee stings you but does no damage.
The killer bee stings you!
* * * LOW HITPOINT WARNING * * *
The killer bee stings you but does no damage. x2
You miss the killer bee.
The killer bee is heavily wounded.
You barely miss the killer bee. You hit the killer bee.
You slash the killer bee!
* * * LOW HITPOINT WARNING * * *
You feel very sick. The killer bee barely misses you.
The killer bee stings you but does no damage.
The killer bee stings you.
You die...

#.#####...##
#....................
#.).....########.###.
#.........# #.##..
#.........# #.##..
#.........# ###...>.
#.........# #.......
#..yyy.<..## #......>
#.y@†.....# #.......
#...##....# #.......
#...##....###......#
#...# ##..........#
#...# #....#####..#
#...# #....# ...
#..)# #....# ###
#...####....#
###.........#


You could see 4 killer bees.

Vanquished Creatures
  A scorpion (D:4)
  A killer bee (D:4)
  Robin (D:2)
  5 gnolls
  4 adders
  A white imp (D:3)
  An adder skeleton (D:4)
  2 worms
  A dart slug (D:3)
  4 orcs (D:3)
  7 bats
  3 endoplasms
  6 giant cockroaches
  4 hobgoblins
  A jackal (D:2)
  A quokka (D:2)
  8 ball pythons
  10 goblins
  6 kobolds
  4 rats
71 creatures vanquished.

Notes
Turn   | Place    | Note
-------+----------+-------------------------------------------
     0 | D:1      | thiscave3701365 the Hill Orc Berserker began the quest for
                  | the Orb.
     0 | D:1      | Reached XP level 1. HP: 19/19 MP: 1/1
   389 | D:1      | Reached XP level 2. HP: 27/27 MP: 2/2
   914 | D:2      | Reached XP level 3. HP: 33/33 MP: 3/3
   967 | D:2      | Noticed Robin
   971 | D:2      | Reached skill level 5 in Axes
   972 | D:2      | Killed Robin
   988 | D:2      | Reached XP level 4. HP: 17/40 MP: 4/4
   999 | D:2      | HP: 2/40 [gnoll/+0 whip (7)]
  1227 | D:2      | Found a faded altar of an unknown god.
  1237 | D:2      | Reached ** piety under Trog
  1908 | D:3      | Reached skill level 6 in Axes
  1908 | D:3      | Reached XP level 5. HP: 42/47 MP: 5/5
  2821 | D:4      | Reached skill level 7 in Axes
  2821 | D:4      | Reached XP level 6. HP: 44/53 MP: 6/6
  2917 | D:4      | HP: 1/79 [poisoned by a killer bee]
  2917 | D:4      | Slain by a killer bee

Illustrated notes

Levels and vault maps discovered:
D:1:      lightli_arrival_windingriver, layout_basic
D:2:      layout_basic, ebering_ecumenical_altar_webs, minmay_tetromino_t2,
          uniq_robin
D:3:      layout_loops_ring, minmay_diced_spiral
D:4:      minmay_diamond_boxcup, layout_basic, serial_shops,
          kennysheep_mini_moat, minmay_misc_feat_alley, minmay_hedge_maze

Skill      XL: |  1  2  3  4  5 |
---------------+----------------+-----
Fighting       | 4 |  4.5
Axes           | 5 6 7 |  7.5
Dodging        | 2 |  2.3
Armour         | |  2.8
Stealth        | |  0.7

Action                   |  1- 3 |  4- 6 || total
-------------------------+-------+-------++-------
Melee: Hand axe          |    61 |   105 ||   166
       Punch             |     1 |     1 ||     2
Invok: Berserk           |     1 |     2 ||     3
Armor: Animal skin       |    19 |     9 ||    28
       Plate armour      |       |    67 ||    67
       Ring mail         |       |     4 ||     4
Dodge: Dodged            |    55 |    50 ||   105
